 Dungeon Crawl Stone Soup version 0.18.1-47-g9310371 (webtiles) character file.

520004 nikopol the Phalangite (level 24, -25/179 HPs)
             Began as a Minotaur Berserker on June 13, 2016.
             Was the Champion of Trog.
             Annihilated by an azure jelly (37 damage)
             ... on level 5 of the Pits of Slime on June 14, 2016.
             The game lasted 04:54:28 (61073 turns).

nikopol the Phalangite (Minotaur Berserker)        Turns: 61073, Time: 04:54:29

Health: -25/179    AC: 37    Str: 23    XL:     24   Next: 7%
Magic:  16/26      EV: 15    Int:  6    God:    Trog [******]
Gold:   4934       SH:  3    Dex: 28    Spells: 0 memorised, 23 levels left

rFire  + + +     SeeInvis +     x - +9 bardiche (freeze)
rCold  . . .     Gourm    .     E - +4 crystal plate armour "Wonnurch" {rPois rCorr}
rNeg   + . .     Faith    .     (shield currently unavailable)
rPois  +         Spirit   .     G - +2 hat
rElec  .         Dismiss  .     Y - +2 cloak {+Inv}
rCorr  +         Reflect  +     V - +1 pair of gloves of the Echidna {rF+ rC+ MP+9 Int+3}
SustAt .         Harm     .     l - +2 pair of boots
MR     ++++.     NoTele   +     v - amulet "Joaliudd" {Reflect SH+3 Stlth+}
Stlth  ..........               J - ring of Ywkiloeklo {-Tele +Inv rN+ MR+++ SInv}
                                g - ring "Vangipha" {+Inv rF+ rC- AC+5 Dex+8}

@: corroded, incredibly resistant to hostile enchantments, extremely unstealthy
A: retaliatory headbutt, horns 2, iridescent scales 1, agile 1, blurry vision 1,
deformed body, deterioration 1, dopey 1, fire resistance 2, frail 2, low mp 2,
poison resistance, weak 1, subdued magic 1
a: Berserk, Trog's Hand, Brothers in Arms, Burn Spellbooks, Renounce Religion,
Evoke Invisibility
}: 3/15 runes: barnacled, silver, gossamer


You were on level 5 of the Pits of Slime.
You worshipped Trog.
Trog was exalted by your worship.
You were not hungry.

You visited 8 branches of the dungeon, and saw 46 of its levels.
You also visited: Ice Cave.

You collected 7110 gold pieces.
You spent 2176 gold pieces at shops.

Inventory:

Hand Weapons
 c - the +8 longbow "Peiro" {venom, rN++ Str+3}
   (You found it on level 4 of the Lair of Beasts)

   It poisons the ammo it fires.
   It affects your strength (+3).
   It greatly protects you from negative energy.
 o - the +7 halberd "Umyomiy" {chop, rPois rN+}
   (Trog gifted it to you on level 4 of the Pits of Slime)

   It inflicts extra damage upon your enemies.
   It protects you from poison.
   It protects you from negative energy.
 x - a +9 bardiche of freezing (weapon)
 z - a +6 antimagic glaive
Missiles
 s - 1368 arrows (quivered)
Armour
 l - a +2 pair of boots (worn)
 w - the +6 scale mail of the Game of Life {rElec rN+ MP+9 Str+4}
   (You found it on level 5 of the Vaults)

   It affects your strength (+4).
   It insulates you from electricity.
   It protects you from negative energy.
   It affects your magic capacity (+9).
 E - the +4 crystal plate armour "Wonnurch" (worn) {rPois rCorr}
   (You found it on level 3 of the Elven Halls)

   It protects you from poison.
   It protects you from acid and corrosion.
 G - a +2 hat (worn)
 V - the +1 pair of gloves of the Echidna (worn) {rF+ rC+ MP+9 Int+3}
   (You acquired it on level 4 of the Spider Nest)

   It affects your intelligence (+3).
   It protects you from fire.
   It protects you from cold.
   It affects your magic capacity (+9).
 Y - a +2 cloak of invisibility (worn)
Jewellery
 g - the ring "Vangipha" (left hand) {+Inv rF+ rC- AC+5 Dex+8}
   (You found it on level 3 of the Elven Halls)

   [ring of protection]

   It affects your AC (+5).
   It affects your dexterity (+8).
   It protects you from fire.
   It makes you vulnerable to cold.
   It lets you turn invisible.
 t - an uncursed ring of protection from fire
 v - the amulet "Joaliudd" (around neck) {Reflect SH+3 Stlth+}
   (You found it in an ice cave)

   [amulet of reflection]

   It shields you and reflects attacks.
   It affects your SH (+3).
   It makes you more stealthy.
 A - an uncursed ring of protection from cold
 J - the ring of Ywkiloeklo (right hand) {-Tele +Inv rN+ MR+++ SInv}
   (You bought it in a shop on level 1 of the Orcish Mines)

   [ring of positive energy]

   It protects you from negative energy.
   It affects your resistance to hostile enchantments.
   It lets you see invisible.
   It lets you turn invisible.
   It prevents most forms of teleportation.
 X - an uncursed amulet of the gourmand
Wands
 b - a wand of digging (24/24)
 d - a wand of teleportation (9/9)
 p - a wand of disintegration (24/24)
Scrolls
 e - 3 scrolls of summoning
 f - 9 scrolls of magic mapping
 j - a scroll of silence
 k - a scroll of holy word
 r - 14 scrolls of remove curse
 u - 12 scrolls of teleportation
 y - 7 scrolls of recharging
 D - 5 scrolls of fear
 F - 3 scrolls of blinking
 I - 8 scrolls of enchant armour
 Q - 7 scrolls of fog
 S - 6 scrolls of identify
Potions
 a - 3 potions of cure mutation
 h - 4 potions of magic
 i - 4 potions of invisibility
 m - 12 potions of curing
 n - a potion of haste
 q - 6 potions of flight
 B - a potion of resistance
 K - 3 potions of cancellation
 L - 8 potions of agility
 N - 4 potions of heal wounds
 P - a potion of brilliance
 T - 5 potions of might
Comestibles
 C - 9 beef jerkies
 H - 16 meat rations
 O - 18 bread rations
 R - 18 fruits
 Z - 8 royal jellies


   Skills:
 + Level 20.3 Fighting
 * Level 25.9 Polearms
 - Level 21.7 Bows
 + Level 20.3 Armour
 + Level 18.9 Dodging


You had 23 spell levels left.
You didn't know any spells.

Dungeon Overview and Level Annotations

Branches:
Dungeon (15/15)            Temple (0/1) D:5            Lair (8/8) D:10
 Shoals (4/4) Lair:3       Spider (4/4) Lair:3        Slime (5/6) Lair:7
    Orc (2/2) D:12            Elf (3/3) Orc:2        Vaults (5/5) D:13
  Crypt (0/3) Vaults:2     Depths (0/5) D:15

Altars:
Cheibriados
Dithmenos
Gozag
Kikubaaqudgha
Pakellas
Beogh
Jiyva

Shops:
D:8 ?   Orc:1 =   Orc:2 [*:(   Elf:3 %   Shoals:2 !   Shoals:3 =(([
Vaults:3 [   Vaults:4 *

Annotations:
Lair:4 exclusion: 3 oklob plants


Innate Abilities, Weirdness & Mutations

You reflexively headbutt those who attack you in melee.
You have a pair of horns on your head.
You are partially covered in iridescent scales (AC +4).
You are agile. (Dex +2)
Scrolls take you a little longer to read.
Armour fits poorly on your strangely shaped body.
Your body sometimes deteriorates upon taking damage.
You are dopey. (Int -2)
Your flesh is very heat resistant.
You are very frail (-20% HP).
Your magical capacity is very low (-20% MP).
Your system is resistant to poisons.
You are weak. (Str -2)
Your spells are a little easier to cast, but a little less powerful.


Message History

The splash of acid hits you!
The acid burns!
You resist.
The azure jelly hits you but does no damage.
The azure jelly hits you. The azure jelly freezes you!!
* * * LOW HITPOINT WARNING * * *
The azure jelly misses you.
The azure jelly hits you but does no damage.
The acid blob spits acid at you. The splash of acid hits you! You resist.
* * * LOW HITPOINT WARNING * * *
The acid corrodes you!
The acid burns!
You resist.
* * * LOW HITPOINT WARNING * * *
The acid blob spits acid at you. The splash of acid hits you!
The acid burns!
You resist.
* * * LOW HITPOINT WARNING * * *
The jelly hits you but does no damage. The azure jelly misses you.
You furiously retaliate!
You headbutt the azure jelly. The azure jelly hits you.
* * * LOW HITPOINT WARNING * * *
The azure jelly freezes you!!!
You die...

..#.#.. .......
. #### .......
..#...# .......
.......#.......
...............
........J......
......J@J......
.#....GJ......>
##...#..#.#...
#...#.## .. .
##. ... ..< ##
#.# .. .#. . .
.


You could see 2 acid blobs, an azure jelly, a jelly and a giant eyeball.

Vanquished Creatures
  The ghost of Jano the Conqueror, a legendary FoFi of Pakellas (Slime:4)
  Boris (Vaults:3)
  Saint Roka (Elf:2)
  Norris (Elf:2)
  2 golden dragons
  Arachne (Spider:3)
  Nikola (Spider:1)
  Jorgrun (Shoals:3)
  2 deep elf blademasters (Elf:3)
  A tentacled monstrosity (Vaults:5)
  Rupert (Lair:7)
  A lich (Vaults:4)
  A deep elf master archer (Elf:3)
  19 acid blobs
  A sphinx (Vaults:4)
  Kirke (Lair:7)
  A storm dragon (Vaults:2)
  5 azure jellies
  6 shadow dragons
  Ilsuiw (Shoals:4)
  6 fire giants
  5 deep elf sorcerers
  Wiglaf (Elf:2)
  6 tengu reavers
  Donald (Elf:1)
  4 frost giants
  18 vault wardens
  Maud (D:10)
  4 emperor scorpions
  An iron dragon (Vaults:4)
  6 ghost moths
  Louise (Shoals:4)
  15 ironheart preservers
  A very ugly thing (Vaults:5)
  2 deep elf elementalists
  2 war gargoyles
  12 stone giants
  7 deep elf annihilators (Elf:3)
  9 deep elf demonologists
  3 salamander stormcallers
  A dire elephant (Lair:8)
  Snorg (Lair:7)
  2 spark wasps
  39 vault guards
  8 ettins
  4 deep elf death magi (Elf:3)
  Josephine (Lair:7)
  3 deep elf high priests (Elf:3)
  16 ogre magi
  3 merfolk javelineers (Shoals:4)
  3 great orbs of eyes
  A death ooze (Slime:4)
  The ghost of protoss039 the Tortoise, a journeyman MiBe of Trog (D:12)
  10 merfolk impalers
  4 fire dragons
  9 hydras
  14 yaktaur captains
  5 merfolk avatars
  4 rakshasas
  2 entropy weavers
  3 ice dragons
  2 catoblepae
  2 alligator snapping turtles
  Erica (Orc:1)
  12 centaur warriors
  5 death knights
  35 dancing weapons
  5 satyrs
  17 death yaks
  3 merfolk aquamancers (Shoals:4)
  A queen ant (Lair:8)
  2 deep troll earth magi (Vaults:4)
  A deep troll shaman (Lair:8)
  3 tengu warriors
  Urug (D:14)
  An orc high priest (Orc:2)
  A vampire mage (Vaults:2)
  Nergalle (D:12)
  The ghost of vonhedlund the Fighter, a novice MiGl of Okawaru (D:8)
  24 deep elf knights
  2 fire crabs
  2 fire crabs (shapeshifter)
  The ghost of kak the Thaumaturge, a novice DECj of Sif Muna (D:14)
  4 wizards
  10 sea snakes
  A skeletal warrior (Vaults:1)
  4 unseen horrors
  A shadow wraith (Vaults:2)
  A hill giant (shapeshifter) (Elf:2)
  4 hill giants
  2 hell knights
  16 ironbrand convokers
  4 flayed ghosts
  A giant orange brain (Vaults:2)
  15 deep elf archers
  12 deep trolls
  Pikel (D:7)
  A lindwurm (Lair:6)
  15 orc knights
  6 phantasmal warriors
  5 necromancers
  24 harpies
  A harpy (shapeshifter) (Vaults:5)
  A tengu zombie (Vaults:4)
  An orb spider (shapeshifter) (Vaults:4)
  2 tengu skeletons
  7 hornets
  7 shining eyes
  31 wolf spiders
  23 orb spiders
  9 ugly things
  65 deep elf magi
  15 fauns
  3 salamanders (Vaults:4)
  4 orc sorcerers
  8 oklob plants
  17 cyclopes
  A moth of wrath (Spider:1)
  9 manticores
  A frost giant skeleton (Vaults:2)
  16 griffons
  An octopode (shapeshifter) (D:15)
  A fire giant zombie (Vaults:5)
  An elf zombie (Vaults:5)
  8 sirens
  15 elephants
  2 ice statues (IceCv)
  6 black mambas
  2 centaur zombies
  17 vault sentinels
  2 water nymphs
  A gargoyle (D:10)
  2 black mambas (shapeshifter)
  20 spiny frogs
  A spiny frog (shapeshifter) (Vaults:3)
  3 human zombies (Vaults:4)
  2 eyes of devastation
  2 rime drakes
  An efreet (D:15)
  4 torpor snails
  33 yaktaurs
  A yaktaur skeleton (Vaults:5)
  13 demonic crawlers
  3 spriggan druids (Lair:7)
  2 human skeletons
  5 freezing wraiths
  10 trolls
  A merfolk (shapeshifter) (Vaults:5)
  7 komodo dragons
  2 tengu conjurers
  A queen bee (D:8)
  A jumping spider (shapeshifter) (Vaults:4)
  A tengu simulacrum (Vaults:2)
  A polar bear (shapeshifter) (Vaults:3)
  A troll (shapeshifter) (Vaults:4)
  34 merfolk
  Grinder (D:3)
  24 jumping spiders
  3 polar bears
  A shadow dragon simulacrum (Vaults:4)
  30 two-headed ogres
  20 blink frogs
  97 slime creatures
  A raiju (shapeshifter) (Vaults:5)
  12 boulder beetles
  7 snapping turtles
  A fire giant simulacrum (Vaults:3)
  A frost giant simulacrum (Vaults:5)
  14 spriggans
  39 tarantellas
  5 air elementals
  A vampire (D:14)
  12 water elementals
  A shadow (D:10)
  2 wyverns
  71 redbacks
  8 wraiths
  45 yaks
  A fire elemental (Elf:2)
  3 hogs (Lair:7)
  4 basilisks
  16 vampire mosquitoes
  14 hippogriffs
  3 hungry ghosts
  A mottled dragon (Vaults:2)
  A warg (shapeshifter) (Vaults:4)
  A deep troll zombie (Vaults:4)
  6 wargs
  13 soldier ants (Lair:8)
  A swamp worm (shapeshifter) (Vaults:4)
  Duvessa (D:5)
  Edmund (D:5)
  12 water moccasins
  38 orc warriors
  13 porcupines
  An eye of draining (shapeshifter) (Elf:2)
  3 sky beasts
  26 ice beasts
  5 black bears
  5 wasps
  A phantom (D:11)
  8 eyes of draining
  15 wolves
  70 ogres
  12 boggarts
  15 centaurs
  20 crocodiles
  A big kobold (D:9)
  21 giant frogs
  A wyvern zombie (D:8)
  4 earth elementals (Elf:2)
  A gnoll sergeant (D:10)
  Dowan (D:5)
  A wyvern skeleton (D:12)
  4 scorpions
  34 killer bees
  3 human simulacra
  4 wights (D:13)
  2 electric eels
  2 howler monkeys
  4 crimson imps
  2 giant frog zombies
  6 hounds
  26 jellies
  Crazy Yiuf (D:2)
  3 centaur skeletons
  12 orc priests
  A giant frog skeleton (D:6)
  17 iguanas
  An iron imp (D:7)
  Natasha (thrice) (D:2)
  23 orc wizards
  48 worker ants
  A killer bee zombie (D:6)
  30 sheep
  A hound skeleton (D:7)
  Robin (D:2)
  10 gnolls
  14 adders
  97 river rats
  5 shadow imps
  5 oozes
  An adder zombie (D:5)
  An adder skeleton (D:4)
  3 worms
  A dart slug (D:5)
  5 giant geckos
  92 orcs
  3 ball pythons
  6 giant cockroaches
  16 goblins
  11 hobgoblins
  7 jackals
  16 kobolds
  3 quokkas
  14 bats
  5 giant newts
  A jackal skeleton (D:8)
  A quokka skeleton (D:5)
  A quokka zombie (D:5)
  15 rats
  A bush (Lair:8)
  3 crawling corpses (Elf:3)
  2 fungi (Orc:2)
  11 plants
2281 creatures vanquished.

Vanquished Creatures (collateral kills)
  Mara (Shoals:3)
  A vault guard (Vaults:4)
  A siren (Shoals:3)
  3 merfolk (Shoals:3)
  A wind drake (Shoals:3)
7 creatures vanquished.

Vanquished Creatures (others)
  A deep elf master archer (Elf:3)
  A stone giant (Orc:2)
  A deep elf demonologist (Elf:3)
  A merfolk javelineer (Shoals:4)
  A deep elf archer (Elf:2)
  A faun (Shoals:4)
  3 yaktaurs
  A centaur (D:7)
  A slave (D:7)
  2 boggarts
  An ogre (Vaults:3)
  An orc wizard (Vaults:3)
  A worker ant (D:7)
  26 fungi
  33 plants
75 creatures vanquished.

Grand Total: 2363 creatures vanquished

Notes
Turn   | Place    | Note
--------------------------------------------------------------
     0 | D:1      | nikopol the Minotaur Berserker began the quest for the Orb.
     0 | D:1      | Reached XP level 1. HP: 19/19 MP: 0/0
   270 | D:1      | Reached XP level 2. HP: 24/27 MP: 1/1
   919 | D:2      | Reached XP level 3. HP: 33/33 MP: 2/2
   922 | D:2      | Reached ** piety under Trog
  1145 | D:2      | Noticed Natasha
  1161 | D:2      | Killed Natasha
  1161 | D:2      | Reached skill level 4 in Polearms
  1261 | D:2      | Reached XP level 4. HP: 40/40 MP: 3/3
  1271 | D:2      | Noticed Robin
  1294 | D:2      | Killed Robin
  1498 | D:2      | Found an opulent altar of Gozag.
  1499 | D:2      | Found a shadowy altar of Dithmenos.
  1593 | D:2      | Noticed Crazy Yiuf
  1599 | D:2      | Killed Crazy Yiuf
  1599 | D:2      | Reached XP level 5. HP: 44/47 MP: 4/4
  1684 | D:2      | Noticed Natasha
  1689 | D:2      | Killed Natasha
  1742 | D:2      | Reached *** piety under Trog
  1783 | D:2      | Noticed Natasha
  1794 | D:2      | Killed Natasha
  1880 | D:2      | Reached skill level 5 in Fighting
  2017 | D:3      | Reached XP level 6. HP: 38/56 MP: 5/5
  2172 | D:3      | Reached skill level 5 in Polearms
  2547 | D:3      | Noticed Grinder
  2589 | D:3      | Paralysed by Grinder for 5 turns
  2594 | D:3      | Killed Grinder
  2594 | D:3      | Reached skill level 5 in Armour
  2594 | D:3      | Reached XP level 7. HP: 11/62 MP: 6/6
  3158 | D:4      | Reached **** piety under Trog
  3285 | D:4      | Reached skill level 6 in Polearms
  3569 | D:4      | Received a gift from Trog
  3569 | D:4      | Reached skill level 5 in Dodging
  4146 | D:5      | Entered Level 5 of the Dungeon
  4195 | D:5      | Found a staircase to the Ecumenical Temple.
  4228 | D:5      | Noticed Duvessa
  4228 | D:5      | Noticed Dowan
  4242 | D:5      | Killed Duvessa
  4242 | D:5      | Reached XP level 8. HP: 71/71 MP: 7/7
  4244 | D:5      | Killed Dowan
  4493 | D:5      | Noticed Edmund
  4502 | D:5      | Killed Edmund
  4502 | D:5      | Reached skill level 7 in Polearms
  5232 | D:6      | Reached ***** piety under Trog
  5300 | D:6      | Reached skill level 8 in Polearms
  5314 | D:6      | Reached XP level 9. HP: 73/81 MP: 8/8
  5441 | D:6      | Received a gift from Trog
  5604 | D:6      | Got a distressingly furry ring mail
  6220 | D:7      | Reached skill level 9 in Polearms
  6387 | D:7      | Noticed Pikel
  6407 | D:7      | Killed Pikel
  6593 | D:7      | Reached XP level 10. HP: 88/91 MP: 9/9
  6832 | D:7      | Found a snail-covered altar of Cheibriados.
  7476 | D:8      | Noticed vonhedlund's ghost (novice MiGl)
  7484 | D:8      | Killed vonhedlund's ghost
  7576 | D:8      | Reached skill level 10 in Polearms
  7732 | D:8      | Reached skill level 10 in Fighting
  7802 | D:8      | Got a heavily runed chain mail
  7854 | D:8      | Reached skill level 10 in Armour
  7871 | D:8      | Identified the cursed +1 ring mail of Neuschi {Regen+ Dex+3} (You found it on level 6 of the Dungeon)
  7897 | D:8      | Identified the +6 chain mail of Inaction {*Drain +Inv rN+ Str+6} (You found it on level 8 of the Dungeon)
  7996 | D:8      | Found Onemi's Magic Scroll Boutique.
  8431 | D:9      | Received a gift from Trog
  8717 | D:9      | Reached skill level 11 in Polearms
  8831 | D:9      | Reached skill level 1 in Bows
  9093 | D:10     | Entered Level 10 of the Dungeon
  9234 | D:10     | Noticed a hill giant
  9241 | D:10     | Killed a hill giant
  9241 | D:10     | Reached XP level 11. HP: 79/101 MP: 3/10
  9552 | D:10     | Received a gift from Trog
  9671 | D:10     | Found a staircase to the Lair.
  9738 | D:10     | Noticed Maud
  9747 | D:10     | Killed Maud
  9789 | D:10     | Reached skill level 10 in Dodging
  9876 | D:10     | Reached ****** piety under Trog
  9965 | D:10     | Reached skill level 5 in Bows
 10238 | Lair:1   | Entered Level 1 of the Lair of Beasts
 10276 | Lair:1   | Reached skill level 12 in Polearms
 10430 | Lair:1   | Noticed a five-headed hydra
 10442 | Lair:1   | Killed a ten-headed hydra
 10823 | Lair:1   | Reached XP level 12. HP: 107/110 MP: 3/11
 11978 | Lair:3   | Found a staircase to the Shoals.
 12053 | Lair:3   | Received a gift from Trog
 12099 | Lair:3   | Found a hole to the Spider Nest.
 12212 | Lair:3   | Noticed a seven-headed hydra
 12224 | Lair:3   | Killed an 11-headed hydra
 12224 | Lair:3   | Reached skill level 13 in Polearms
 12610 | Lair:3   | Noticed a four-headed hydra
 12617 | Lair:3   | Killed a six-headed hydra
 13048 | Lair:3   | Got a jewelled ring mail
 13061 | Lair:3   | Identified the +4 ring mail "Ocrui" {-Tele rC- Int+8 Dex+4} (You found it on level 3 of the Lair of Beasts)
 13260 | Lair:4   | Noticed a five-headed hydra
 13271 | Lair:4   | Killed an 11-headed hydra
 13307 | Lair:4   | Found a frozen archway.
 13318 | IceCv    | Entered an ice cave
 13573 | IceCv    | Received a gift from Trog
 13775 | IceCv    | Reached XP level 13. HP: 118/118 MP: 4/12
 13812 | IceCv    | Reached skill level 14 in Polearms
 13962 | IceCv    | Got a pitted iron amulet
 16370 | Lair:4   | Got a fine longbow
 16371 | Lair:4   | Identified the +8 longbow "Peiro" {venom, rN++ Str+3} (You found it on level 4 of the Lair of Beasts)
 16823 | Lair:5   | Received a gift from Trog
 16994 | Lair:5   | Reached skill level 10 in Bows
 17447 | Lair:5   | Reached skill level 15 in Polearms
 17689 | Lair:5   | Received a gift from Trog
 18437 | Lair:6   | Reached XP level 14. HP: 106/129 MP: 13/13
 18486 | Lair:6   | Received a gift from Trog
 18594 | Lair:6   | Gained mutation: You are partially covered in iridescent scales (AC +4). [potion of beneficial mutation]
 18596 | Lair:6   | Identified the amulet "Joaliudd" {Reflect SH+3 Stlth+} (You found it in an ice cave)
 18848 | Lair:7   | Gained mutation: You are agile. (Dex +2) [potion of beneficial mutation]
 18899 | Lair:7   | Found a runed door.
 18899 | Lair:7   | Found a viscous altar of Jiyva.
 18918 | Lair:7   | Found a staircase to the Slime Pits.
 18968 | Lair:7   | Noticed Kirke
 18990 | Lair:7   | HP: 6/129 [lindwurm/blast of flame[Kirke] (19)]
 18992 | Lair:7   | Killed Kirke
 19267 | Lair:7   | Received a gift from Trog
 19357 | Lair:7   | Noticed Snorg
 19363 | Lair:7   | Killed Snorg
 19394 | Lair:7   | Noticed Rupert
 19431 | Lair:7   | Killed Rupert
 19431 | Lair:7   | Reached skill level 16 in Polearms
 19438 | Lair:7   | Noticed Josephine
 19447 | Lair:7   | Killed Josephine
 19754 | Lair:7   | Received a gift from Trog
 20283 | Lair:8   | Entered Level 8 of the Lair of Beasts
 20355 | Lair:8   | Received a gift from Trog
 20931 | Lair:8   | Reached XP level 15. HP: 137/137 MP: 14/14
 21296 | Lair:8   | Received a gift from Trog
 21597 | Lair:8   | Reached skill level 17 in Polearms
 21805 | Lair:8   | Identified Sif Muna's Almanac of Shifting Confrontation
 22006 | Lair:1   | Received a gift from Trog
 22334 | D:12     | Noticed protoss039's ghost (journeyman MiBe)
 22452 | D:12     | Killed protoss039's ghost
 22501 | D:12     | Received a gift from Trog
 22512 | D:12     | Noticed Nergalle
 22519 | D:12     | Killed Nergalle
 22790 | D:12     | Found a staircase to the Orcish Mines.
 23884 | D:13     | Received a gift from Trog
 24030 | D:13     | Found a gate to the Vaults.
 24691 | D:14     | Received a gift from Trog
 24732 | D:14     | Identified a scroll of acquirement
 24738 | D:14     | Got a pitted chain mail
 24910 | D:14     | Noticed Urug
 24918 | D:14     | Killed Urug
 24991 | D:14     | Noticed kak's ghost (novice DECj)
 24993 | D:14     | Killed kak's ghost
 25063 | D:15     | Entered Level 15 of the Dungeon
 25079 | D:15     | Reached XP level 16. HP: 147/147 MP: 15/15
 25288 | D:15     | Found a staircase to the Depths.
 25368 | D:15     | Received a gift from Trog
 25543 | D:15     | Found an oddly glowing altar of Pakellas.
 26007 | Orc:1    | Entered Level 1 of the Orcish Mines
 26035 | Orc:1    | Noticed Erica
 26039 | Orc:1    | Killed Erica
 26188 | Orc:1    | Identified the +1 chain mail of Grace {rF- rN++} (You acquired it on level 14 of the Dungeon)
 26286 | Orc:1    | Found Remif's Jewellery Emporium.
 26308 | Orc:1    | Bought the ring of Ywkiloeklo {-Tele +Inv rN+ MR+++ SInv} for 744 gold pieces
 26480 | Orc:2    | Entered Level 2 of the Orcish Mines
 26505 | Orc:2    | Found Cigeycs's Book Emporium.
 26510 | Orc:2    | Reached skill level 18 in Polearms
 26671 | Orc:2    | Found Cezicwoi's Antique Armour Shop.
 26988 | Orc:2    | Found a staircase to the Elven Halls.
 27039 | Orc:2    | Found Kaaletzo's General Store.
 27041 | Orc:2    | Received a gift from Trog
 27110 | Orc:2    | Found Heocs's Antique Weapon Shop.
 27618 | Orc:2    | Found a runed door.
 27655 | Orc:2    | Received a gift from Trog
 27888 | Orc:2    | Found a roughly hewn altar of Beogh.
 28002 | Orc:2    | Bought a runed hat for 116 gold pieces
 28026 | Orc:2    | Bought a spiked scale mail for 261 gold pieces
 28184 | D:8      | Bought a scroll of identify for 24 gold pieces
 28184 | D:8      | Bought a scroll of identify for 24 gold pieces
 28184 | D:8      | Bought a scroll of identify for 24 gold pieces
 28184 | D:8      | Bought a scroll of identify for 24 gold pieces
 28185 | D:8      | Identified the +9 scale mail "Jaawiw" {*Confuse +Fly rCorr Stlth+} (You bought it in a shop on level 2 of the Orcish Mines)
 28476 | Spider:1 | Entered Level 1 of the Spider Nest
 28867 | Spider:1 | Noticed Nikola
 28880 | Spider:1 | Killed Nikola
 28880 | Spider:1 | Reached skill level 15 in Bows
 28883 | Spider:1 | Received a gift from Trog
 29022 | Spider:1 | Reached skill level 15 in Fighting
 29222 | Spider:1 | Reached skill level 15 in Armour
 29771 | Spider:2 | Received a gift from Trog
 30708 | Spider:2 | Reached XP level 17. HP: 156/156 MP: 12/16
 31343 | Spider:3 | Reached skill level 19 in Polearms
 31393 | Spider:3 | Noticed Arachne
 31415 | Spider:3 | Killed Arachne
 31415 | Spider:3 | Received a gift from Trog
 32249 | Spider:4 | Entered Level 4 of the Spider Nest
 32895 | Spider:4 | Received a gift from Trog
 32998 | Spider:4 | HP: 6/157 [emperor scorpion (19)]
 33000 | Spider:4 | Received a gift from Trog
 33003 | Spider:4 | HP: 7/235 [poisoned by an emperor scorpion]
 33797 | Spider:4 | Got a gossamer rune of Zot
 33858 | Spider:4 | Got a pair of heavily runed gloves
 33869 | Spider:4 | Identified the +1 pair of gloves of the Echidna {rF+ rC+ MP+9 Int+3} (You acquired it on level 4 of the Spider Nest)
 34242 | Shoals:1 | Entered Level 1 of the Shoals
 34653 | Shoals:1 | Received a gift from Trog
 34964 | Shoals:2 | Found Teavygai's Distillery.
 35008 | Shoals:2 | Bought a potion of beneficial mutation for 560 gold pieces
 35008 | Shoals:2 | Gained mutation: You are partially covered in icy blue scales (AC +1). [potion of beneficial mutation]
 35107 | Shoals:2 | Reached XP level 18. HP: 166/166 MP: 17/17
 36196 | Shoals:3 | Noticed Mara
 36207 | Shoals:3 | Noticed nikopol's illusion
 36216 | Shoals:3 | Found Misoyhuv's Weapon Shoppe.
 36222 | Shoals:3 | Received a gift from Trog
 36243 | Shoals:3 | Killed Mara
 36247 | Shoals:3 | HP: 2/166 [merfolk impaler/trident of flaming (13)]
 36618 | Shoals:3 | Reached skill level 20 in Polearms
 36722 | Shoals:3 | Found Benlosh's Antique Armour Boutique.
 36724 | Shoals:3 | Noticed Jorgrun
 36735 | Shoals:3 | Killed Jorgrun
 36999 | Shoals:3 | Found Pigug's Weapon Boutique.
 37068 | Shoals:3 | Found Ruxim's Jewellery Shop.
 37147 | Shoals:4 | Entered Level 4 of the Shoals
 37160 | Shoals:4 | Noticed Ilsuiw
 37188 | Shoals:4 | Killed Ilsuiw
 37473 | Shoals:4 | Reached skill level 15 in Dodging
 38433 | Shoals:4 | Received a gift from Trog
 38550 | Shoals:4 | Got a barnacled rune of Zot
 38596 | Shoals:4 | Received a gift from Trog
 38849 | Shoals:4 | Noticed Louise
 38861 | Shoals:4 | Killed Louise
 38955 | Shoals:4 | Received a gift from Trog
 39046 | Shoals:4 | Got a steaming golden ring
 39226 | Shoals:4 | Identified the ring of Peulenu {+Fly Int+4 SInv} (You found it on level 4 of the Shoals)
 39832 | Elf:1    | Entered Level 1 of the Elven Halls
 39908 | Elf:1    | Received a gift from Trog
 39958 | Elf:1    | Reached XP level 19. HP: 174/174 MP: 9/18
 39983 | Elf:1    | Noticed Donald
 39996 | Elf:1    | Killed Donald
 40554 | Elf:1    | Reached skill level 21 in Polearms
 40699 | Elf:2    | Found a runed gate.
 40702 | Elf:2    | Found a runed gate.
 40702 | Elf:2    | Found a runed gate.
 41049 | Elf:2    | Received a gift from Trog
 41502 | Elf:2    | Noticed Saint Roka
 41517 | Elf:2    | Received a gift from Trog
 41532 | Elf:2    | Killed Saint Roka
 42598 | Elf:2    | Noticed Wiglaf
 42612 | Elf:2    | Noticed Norris
 42617 | Elf:2    | Killed Wiglaf
 42628 | Elf:2    | Killed Norris
 42781 | Elf:3    | Entered Level 3 of the Elven Halls
 42786 | Elf:3    | Received a gift from Trog
 43206 | Elf:3    | Found an ancient bone altar of Kikubaaqudgha.
 43285 | Elf:3    | Received a gift from Trog
 43562 | Elf:3    | Reached XP level 20. HP: 184/184 MP: 16/19
 43998 | Elf:3    | Received a gift from Trog
 44002 | Elf:3    | Noticed a Tzitzimitl
 44076 | Elf:3    | Reached skill level 22 in Polearms
 44237 | Elf:3    | Got a brightly glowing crystal plate armour
 44238 | Elf:3    | Identified the +4 crystal plate armour "Wonnurch" {rPois rCorr} (You found it on level 3 of the Elven Halls)
 44266 | Elf:3    | Got a flickering iron ring
 44267 | Elf:3    | Identified the ring "Vangipha" {+Inv rF+ rC- AC+5 Dex+8} (You found it on level 3 of the Elven Halls)
 44376 | Elf:3    | Got a slimy plate armour
 44378 | Elf:3    | Identified the cursed +1 plate armour of Depression {rF+} (You took it off a deep elf master archer on level 3 of the Elven Halls)
 44500 | Elf:3    | Found Yhiesah's Food Shoppe.
 44708 | Elf:3    | Received a gift from Trog
 45140 | Vaults:1 | Entered Level 1 of the Vaults
 45798 | Vaults:1 | Received a gift from Trog
 46737 | Vaults:1 | Received a gift from Trog
 47616 | Vaults:2 | Reached XP level 21. HP: 172/194 MP: 9/20
 47979 | Vaults:2 | Received a gift from Trog
 48080 | Vaults:2 | Found a staircase to the Crypt.
 48135 | Vaults:2 | Received a gift from Trog
 48707 | Vaults:3 | Noticed Boris
 48733 | Vaults:3 | Killed Boris
 48733 | Vaults:3 | Reached skill level 23 in Polearms
 49378 | Vaults:3 | Received a gift from Trog
 49531 | Vaults:3 | Received a gift from Trog
 49999 | Vaults:3 | Received a gift from Trog
 50183 | Vaults:3 | Received a gift from Trog
 50458 | Vaults:3 | Found Ruxaih's Armour Shop.
 50743 | Vaults:3 | Received a gift from Trog
 50746 | Vaults:3 | Reached XP level 22. HP: 130/204 MP: 10/21
 51669 | Vaults:4 | Received a gift from Trog
 52016 | Vaults:4 | Got a faintly glowing buckler
 52189 | Vaults:4 | Received a gift from Trog
 52685 | Vaults:4 | Found Kuos's Assorted Antiques.
 52692 | Vaults:4 | Bought a potion of heal wounds for 210 gold pieces
 52692 | Vaults:4 | Bought an embroidered cloak for 189 gold pieces
 52900 | Vaults:4 | Reached skill level 24 in Polearms
 53036 | Vaults:5 | Entered Level 5 of the Vaults
 53165 | Vaults:5 | Noticed a golden dragon
 53199 | Vaults:4 | Received a gift from Trog
 53222 | Vaults:4 | Killed a golden dragon
 53882 | Vaults:4 | Received a gift from Trog
 53966 | Vaults:4 | Received a gift from Trog
 54992 | Vaults:5 | Reached XP level 23. HP: 213/213 MP: 12/22
 55064 | Vaults:5 | Got a silver rune of Zot
 55082 | Vaults:5 | Received a gift from Trog
 55187 | Vaults:5 | Got a dazzling scale mail
 55188 | Vaults:5 | Identified the +6 scale mail of the Game of Life {rElec rN+ MP+9 Str+4} (You found it on level 5 of the Vaults)
 55189 | Vaults:5 | Gained mutation: Your system is resistant to poisons. [potion of beneficial mutation]
 55190 | Vaults:5 | Gained mutation: Your flesh is heat resistant. [potion of beneficial mutation]
 55242 | Vaults:5 | Got a heavily runed jade amulet
 55272 | Vaults:5 | Identified the amulet "Xefar" {Faith Dex+4} (You took it off a yaktaur captain on level 5 of the Vaults)
 55486 | Vaults:5 | Received a gift from Trog
 55688 | Vaults:5 | Got a slimy cloak
 55689 | Vaults:5 | Identified the +0 cloak "Qeot Jiso" {rElec Int+3 Slay-3} (You found it on level 5 of the Vaults)
 55693 | Vaults:5 | Received a gift from Trog
 55814 | Vaults:5 | Received a gift from Trog
 55820 | Vaults:5 | Reached skill level 25 in Polearms
 56490 | Vaults:1 | Received a gift from Trog
 56752 | Slime:1  | Entered Level 1 of the Pits of Slime
 56767 | Slime:1  | Lost mutation: You are partially covered in icy blue scales (AC +1). [a shining eye]
 56934 | Slime:1  | Gained mutation: Armour fits poorly on your strangely shaped body. [a shining eye]
 56936 | Slime:1  | Gained mutation: Your magical capacity is low (-10% MP). [a shining eye]
 56937 | Slime:1  | Gained mutation: Your flesh is very heat resistant. [a shining eye]
 56940 | Lair:7   | Gained mutation: You are dopey. (Int -2) [a shining eye]
 56941 | Lair:7   | Gained mutation: Your magical capacity is very low (-20% MP). [a shining eye]
 56943 | Lair:7   | Gained mutation: You are weak. (Str -2) [a shining eye]
 56944 | Lair:7   | Gained mutation: You are frail (-10% HP). [a shining eye]
 57103 | Slime:1  | Received a gift from Trog
 57503 | Slime:1  | Received a gift from Trog
 58176 | Slime:2  | Gained mutation: Your body sometimes deteriorates upon taking damage. [a shining eye]
 60257 | Slime:4  | Noticed Jano's ghost (legendary FoFi)
 60281 | Slime:4  | Gained mutation: Scrolls take you a little longer to read. [a shining eye]
 60290 | Slime:4  | Received a gift from Trog
 60290 | Slime:4  | Gained mutation: Your spells are a little easier to cast, but a little less powerful. [a shining eye]
 60407 | Slime:4  | Reached XP level 24. HP: 150/201 MP: 17/17
 60420 | Slime:4  | Gained mutation: You are very frail (-20% HP). [a shining eye]
 60435 | Slime:4  | Killed Jano's ghost
 60601 | Slime:4  | Got a pitted halberd {god gift}
 60605 | Slime:4  | Identified the +7 halberd "Umyomiy" {chop, rPois rN+} (Trog gifted it to you on level 4 of the Pits of Slime)
 61066 | Slime:5  | Paralysed by a giant eyeball for 3 turns
 61073 | Slime:5  | Annihilated by an azure jelly

Skill      XL: |  1  2  3  4  5  6  7  8  9 10 11 12 13 14 15 16 17 18 19 20 21 22 23 |
---------------+----------------------------------------------------------------------+-----
Armour         | 3 4 5 6 7 9 10 11 12 13 14 15 16 17 18 19 20 | 20.3
Fighting       | 4 5 6 7 9 10 11 12 13 14 15 16 17 18 19 20 | 20.3
Polearms       | 4 5 6 8 9 11 12 13 15 16 17 18 19 20 21 22 23 24 25 | 25.9
Dodging        | 3 4 5 6 8 9 10 11 12 13 14 15 16 17 18 | 18.9
Bows           | 2 6 8 10 12 14 15 16 17 18 19 20 21 | 21.7

Action                   |  1- 3 |  4- 6 |  7- 9 | 10-12 | 13-15 | 16-18 | 19-21 | 22-24 || total
-------------------------+-------+-------+-------+-------+-------+-------+-------+-------++-------
Melee: Spear             |   104 |   164 |       |       |       |       |       |       ||   268
       Headbutt          |    10 |    30 |    68 |   133 |   209 |   172 |   372 |   342 ||  1336
       Trident           |       |    23 |   381 |   149 |       |       |       |       ||   553
       Glaive            |       |       |       |   507 |   759 |   794 |  1232 |   844 ||  4136
       Bardiche          |       |       |       |       |       |       |       |    91 ||    91
 Fire: Shortbow          |       |       |       |   161 |    87 |       |       |       ||   248
       Longbow           |       |       |       |       |   582 |  1012 |   914 |   683 ||  3191
Invok: Berserk           |       |     2 |     4 |     8 |     6 |     4 |     4 |     3 ||    31
       Trog's Hand       |       |     1 |       |       |     1 |     1 |       |       ||     3
       Burn Spellbooks   |       |       |       |     5 |     3 |     6 |     7 |     6 ||    27
       Brothers in Arms  |       |       |       |       |       |     1 |       |     1 ||     2
  Use: Scroll            |       |       |       |    26 |    12 |    17 |    10 |    11 ||    76
       Potion            |       |       |       |       |     2 |     3 |       |     4 ||     9
 Stab: Held in net/web   |       |       |       |       |       |     1 |       |       ||     1
  Eat: Chunk             |     1 |     6 |    15 |    33 |    54 |    79 |    69 |    47 ||   304
       Royal jelly       |       |       |     1 |       |       |       |       |     2 ||     3
       Pizza             |       |       |       |     2 |       |     2 |       |     6 ||    10
       Beef jerky        |       |       |       |     1 |     1 |       |       |       ||     2
       Fruit             |       |       |       |       |     1 |       |       |       ||     1
Armor: Leather armour    |     8 |       |       |       |       |       |       |       ||     8
       Animal skin       |     1 |       |       |       |       |       |       |       ||     1
       Scale mail        |    11 |    43 |    98 |    30 |       |       |       |       ||   182
       Chain mail        |       |       |       |   296 |   373 |   582 |   172 |       ||  1423
       Crystal plate arm |       |       |       |       |       |       |   329 |   773 ||  1102
Dodge: Dodged            |    43 |    64 |   172 |   488 |   588 |  1026 |   706 |   839 ||  3926
Block: Other             |       |       |       |       |    12 |    94 |   111 |   117 ||   334
       Reflection        |       |       |       |       |     1 |    15 |    20 |     9 ||    45
